 Dungeon Crawl Stone Soup version 0.30-a0-125-g51eefa89be (webtiles) character file.

Game seed: 13600938611970934442

30 juncz the Chiller (level 3, -3/26 HPs)
             Began as a Draconian Ice Elementalist on Sept 18, 2022.
             Slain by Robin
             ... wielding a +6 dagger of venom
              (7 damage)
             ... on level 2 of the Dungeon.
             The game lasted 00:07:01 (1198 turns).

juncz the Chiller (Draconian Ice Elementalist)      Turns: 1198, Time: 00:07:01

Health: -3/26      AC:  5    Str: 10    XL:     3   Next: 3%
Magic:  6/6        EV: 12    Int: 17    God:
Gold:   96         SH:  0    Dex: 11    Spells: 3/7 levels left

rFire   . . .      SeeInvis .    i - +0 club
rCold   . . .      Faith    .    (no shield)
rNeg    . . .      Spirit   .    (body armour unavailable)
rPois   .          Reflect  .    (helmet restricted)
rElec   .          Harm     .    (no cloak)
rCorr   .          Rampage  .    (no gloves)
Will    .....                    (no boots)
Stlth   ++........               (no amulet)
HPRegen 0.08/turn                k - ring of flight
MPRegen 0.10/turn                (no ring)

@: freezing walls, flying
A: AC +5, unfitting armour, cold-blooded
a: no special abilities


You were on level 2 of the Dungeon.
You visited 1 branch of the dungeon, and saw 2 of its levels.

You collected 96 gold pieces.

Inventory:

Hand Weapons
 i - a +0 club (weapon)
 j - a +0 dagger
Missiles
 b - 9 stones (quivered)
 f - 2 curare-tipped darts
Jewellery
 k - a ring of flight (left hand)
Scrolls
 c - a scroll of identify
 e - a scroll of enchant armour
 g - a scroll of amnesia
 h - a scroll of butterflies
Potions
 d - 2 potions of curing


   Skills:
 - Level 1.9 Dodging
 - Level 1.9 Stealth
 + Level 2.6 Spellcasting
 + Level 4.4 Ice Magic


You had 3 spell levels left.
You knew the following spells:

 Your Spells              Type           Power      Damage    Failure   Level
a - Freeze                Ice            68%        1d8       3%          1
b - Frozen Ramparts       Ice            34%        1d6       9%          3

Your spell library contained the following spells:

 Spells                   Type           Power      Damage    Failure   Level
 Ozocubu's Armour         Ice            17%        N/A       9%          3
 Sandblast                Erth           4%         2d4       19%         1
 Passwall                 Tmut/Erth      1%         N/A       28%         2
 Stone Arrow              Conj/Erth      4%         3d7       50%         3
 Hailstorm                Conj/Ice       9%         3d4       58%         4


Dungeon Overview and Level Annotations

Branches:
Dungeon (2/15)

Altars:

Annotations:
D:2 Robin


Innate Abilities, Weirdness & Mutations

Your plain brown scales are hard. (AC +5)
You cannot fit into any form of body armour.
You are cold-blooded and may be slowed by cold attacks.


Message History

* * * LOW HITPOINT WARNING * * *
The goblin attacks as you move away! The goblin hits you with a +0 dagger.
* * * LOW HITPOINT WARNING * * *
Casting: Freeze (safe; 3% risk of failure)
Confirm with . or Enter, or press ? or * to list all spells.
Aiming: Freeze (safe; 3% risk of failure)
Press: ? - help, Shift-Dir - straight line, f/p - goblin
Aim: a goblin, wielding a +0 dagger (moderately wounded, strong)
You freeze the goblin.
You kill the goblin!
You have reached level 3!
Your experience leads to an increase in your attributes!
Increase (S)trength, (I)ntelligence, or (D)exterity?
You feel clever. x2; Your scales feel tougher.
Casting: Freeze (safe; 3% risk of failure)
Confirm with . or Enter, or press ? or * to list all spells.
Aiming: Freeze (safe; 3% risk of failure)
Press: ? - help, Shift-Dir - straight line, f - hobgoblin
Aim: a hobgoblin (strong)
You freeze the hobgoblin!
You kill the hobgoblin!
This spell is quite dangerous to cast!
Memorise Frozen Ramparts, consuming 3 spell levels and leaving 3?
You start memorising the spell.
You continue memorising. x3
Robin roars a battlecry!
The goblin goes into a battle-frenzy!
You hear a shout!
You finish memorising.
Spell assigned to 'b'.
There are monsters nearby!
There are monsters nearby!
Casting: Freeze (safe; 3% risk of failure)
Confirm with . or Enter, or press ? or * to list all spells.
Casting: Frozen Ramparts (quite dangerous; 9% risk of failure)
Press: ? - help, Dir - look around, f - activate The walls around you are covered in ice.
The wall freezes Robin.
The wall freezes the goblin.
Magic courses through your body.
The wall freezes Robin but does no damage.
Robin hits you with a +6 dagger of venom!
You die...

###.......# ##.gg##
#######....# #g..##
..##.......###...#
...........##...##
..#........##...#
...........#...##
.......#####.g.#
.......# #..g#####
......#######.gg@#.# #
..<........#####...#...#
......###...)..........#
......# #..####.#.......
......# ##......#......#
......# ####..##......#
.###### #### ......# .
......# # #######


You could see Robin and 3 goblins.

Vanquished Creatures
  3 ball pythons
  3 endoplasms (D:1)
  A giant cockroach (D:1)
  2 goblins (D:2)
  3 hobgoblins
  2 jackals (D:1)
  A quokka (D:2)
  A bat (D:1)
  3 frilled lizards
  3 kobolds (D:1)
  5 rats
27 creatures vanquished.

Vanquished Creatures (others)
  6 plants (D:1)
6 creatures vanquished.

Grand Total: 33 creatures vanquished

Notes
Turn   | Place    | Note
-------+----------+-------------------------------------------
     0 | D:1      | juncz the Draconian Ice Elementalist began the quest for
                  | the Orb.
     0 | D:1      | Reached XP level 1. HP: 14/14 MP: 3/3
    29 | D:1      | Found a faded altar of an unknown god.
   172 | D:1      | Reached XP level 2. HP: 12/20 MP: 0/5
   435 | D:1      | You fall into a shaft and drop 1 floor!
  1173 | D:2      | Noticed Robin
  1192 | D:2      | Reached XP level 3. HP: 3/26 MP: 4/6
  1197 | D:2      | Learned a level 3 spell: Frozen Ramparts
  1198 | D:2      | Slain by Robin

Illustrated notes

Levels and vault maps discovered:
D:1:      eino_arrival_tree_alley, layout_basic,
          hellmonk_ecumenical_altar_leap_of_faith
D:2:      layout_rooms, basic_altar, serial_curves, eino_curves_02,
          eino_curves_01, uniq_robin

Action                   || total
-------------------------++-------
Melee: Unarmed           ||     2
       Club              ||     1
Throw: Stone             ||    10
 Cast: Freeze            ||    35
       Frozen Ramparts   ||     1
  Use: Scroll            ||     4
       Potion            ||     1
Armor: Skin              ||     9
Dodge: Dodged            ||    25

Table legend: (Time is in decaauts)
 A = Elapsed time spent in this place.
 B = Non-inter-level travel time spent in this place.
 C = Inter-level travel time spent in this place.
 D = Time resting spent in this place.
 E = Time spent auto-exploring this place.
 F = Levels seen in this place.
 G = Mean time per level.
                   A        B        C        D        E       F      G
               +--------+--------+--------+--------+--------+-----+--------+
         Total |   1198 |   1178 |     20 |     51 |    830 |   2 |  599.0 |
       Dungeon |   1198 |   1178 |     20 |     51 |    830 |   2 |  599.0 |
               +--------+--------+--------+--------+--------+-----+--------+

Top non-repeatable levels by time:
     D:1: 985 daAuts
     D:2: 213 daAuts
